 Dungeon Crawl Stone Soup version 0.16.2-12-gd0ad4c3 (webtiles) character file.

1805 faibistes the Thaumaturge (level 8, -13/44 HPs)
             Began as a Deep Elf Wizard on Feb 24, 2019.
             Was a Follower of Sif Muna.
             Shot with an arrow by a centaur warrior (26 damage)
             ... on level 8 of the Dungeon.
             The game lasted 00:18:56 (7668 turns).

faibistes the Thaumaturge (Deep Elf Wizard)         Turns: 7668, Time: 00:18:56

Health: -13/44     AC:  6    Str:  4    XL:     8   Next: 84%
Magic:  3/28       EV: 15    Int: 26    God:    Sif Muna [*.....]
Gold:   390        SH:  0    Dex: 13    Spells: 6 memorised, 13 levels left

rFire  . . .     SeeInvis .     y - +3 dagger (freeze)
rCold  . . .     Clarity  .     a - +0 robe
rNeg   . . .     SustAb   .     (no shield)
rPois  .         Gourm    .     b - +0 hat
rElec  .         Spirit   .     (no cloak)
rCorr  .         Warding  .     l - +1 pair of gloves
rMut   .         Stasis   .     (no boots)
MR     .....                    (no amulet)
Stlth  ++........               (no ring)
                                m - +2 ring of protection

@: not resistant to hostile enchantments, unstealthy
A: no striking features
a: Channel Energy, Renounce Religion


You were on level 8 of the Dungeon.
You worshipped Sif Muna.
Sif Muna was aware of your devotion.
You were not hungry.

You visited 2 branches of the dungeon, and saw 9 of its levels.

You collected 390 gold pieces.

Inventory:

Hand weapons
 f - a +0 dagger
 y - a +3 dagger of freezing (weapon)
Armour
 a - a +0 robe (worn)
 b - a +0 hat (worn)
 l - a +1 pair of gloves (worn)
Jewellery
 m - a +2 ring of protection (left hand)
Magical devices
 q - a wand of disintegration (15)
 u - a wand of lightning (12)
Scrolls
 e - 4 scrolls of identify
 g - 5 scrolls of remove curse
 r - a scroll of recharging
 s - a scroll of teleportation {unknown}
 t - a scroll of fog {unknown}
 x - a scroll of noise {unknown}
Potions
 h - 2 potions of might
 j - a potion of curing
 n - 2 potions of heal wounds
Books
 c - a book of Minor Magic

   Spells                             Type                      Level
   a - Magic Dart                     Conjuration                  1
   b - Blink                          Translocation                2
   c - Call Imp                       Summoning                    2
   d - Repel Missiles                 Charms/Air                   2
   e - Slow                           Hexes                        2
   f - Conjure Flame                  Conjuration/Fire             3
   g - Mephitic Cloud                 Conjuration/Poison/Air       3
Comestibles
 d - 7 bread rations
 i - 3 meat rations
 k - 10 fruits
 o - 9 chunks of flesh
 p - 8 beef jerkies


   Skills:
 - Level 1.9 Fighting
 + Level 6.1 Dodging
 - Level 2.4 Stealth
 * Level 9.5 Spellcasting
 * Level 5.4 Conjurations
 - Level 1.1 Summonings
 - Level 3.1 Translocations
 * Level 3.2 Fire Magic
 * Level 2.7 Air Magic
 + Level 2.1 Poison Magic
 - Level 1.3 Evocations


You had 13 spell levels left.
You knew the following spells:

 Your Spells              Type           Power        Failure   Level  Hunger
a - Magic Dart            Conj           ####         1%          1    None
b - Conjure Flame         Conj/Fire      ####....     2%          3    None
c - Call Imp              Summ           ###.....     6%          2    None
d - Blink                 Tloc           N/A          1%          2    None
e - Mephitic Cloud        Conj/Pois/Air  ####....     4%          3    None
f - Repel Missiles        Chrm/Air       ###...       4%          2    None


Dungeon Overview and Level Annotations

Branches:
Dungeon (8/15)             Temple (1/1) D:6
   Lair: D:8-11

Altars:
Ashenzari
Dithmenos
Elyvilon
Fedhas
Gozag
Kikubaaqudgha
Makhleb
Nemelex Xobeh
Okawaru
Qazlal
Sif Muna
Trog
Vehumet
Xom
Yredelemnul
Zin
The Shining One

Shops:
D:5 }   D:6 *


Message History

The jackal appears confused.
The jackal bites the centaur warrior but does no damage.
The centaur warrior is engulfed in noxious fumes.
The jackal is engulfed in noxious fumes.
The jackal appears confused.
The jackal closely misses the shadow imp.
Evoke which item? (* to show all) (? for menu, Esc to quit)
Zapping:
q - a wand of disintegration (will waste charges)
Press: ? - help, Shift-Dir - straight line, f - centaur warrior, p - jackal
Aim: a centaur warrior, wielding a longbow (noxious fumes, lightly wounded, chance 52%)
The shadow imp is blasted.
You blow up the shadow imp!
Evoking this partially-identified wand wasted a few charges.
The centaur warrior is engulfed in noxious fumes.
The centaur warrior shoots an arrow.
The arrow hits you!
* * * LOW HITPOINT WARNING * * *
The centaur warrior is engulfed in noxious fumes.
The centaur warrior shoots an arrow.
The arrow hits you!!
Ouch! That really hurt!
You die...

#.# #.# ## #.# ## ..
... ....
###.########.#....
###....@(§§c........
..........h.§##.#.#.##
###.#.^..§§§........#
# #
########.#.#...?#.#
.[#.###.##.#
#..###........#
........5......#
##.#######(##.#.
.c.......(....


You could see a centaur warrior and a jackal (confused).

Vanquished Creatures
  A hill giant (D:6)
  Prince Ribbit (D:4)
  3 ogres
  A centaur (D:7)
  Sigmund (D:6)
  2 giant frogs
  A scorpion (D:5)
  3 wights (D:5)
  A goliath beetle (D:5)
  A crimson imp (D:7)
  A quasit (D:8)
  A hound (D:4)
  3 worker ants
  An iguana (D:6)
  A hound skeleton (D:5)
  4 adders
  A shadow imp (D:8)
  4 worms
  An ooze (D:3)
  8 orcs
  3 ball pythons
  9 bats
  A bat zombie (D:6)
  12 goblins
  7 hobgoblins
  10 jackals
  2 giant cockroaches
  A giant cockroach zombie (D:6)
  2 giant geckos
  5 giant newts
  A jackal zombie (D:8)
  14 kobolds
  11 rats
118 creatures vanquished.

Vanquished Creatures (collateral kills)
  A wight (D:5)
  A hound (D:5)
  A worm (D:1)
  2 orcs (D:4)
  A hobgoblin (D:6)
  A giant cockroach (D:1)
7 creatures vanquished.

Vanquished Creatures (others)
  A crimson imp (D:5)
1 creature vanquished.

Grand Total: 126 creatures vanquished

Notes
Turn   | Place    | Note
--------------------------------------------------------------
     0 | D:1      | faibistes, the Deep Elf Wizard, began the quest for the Orb.
     0 | D:1      | Reached XP level 1. HP: 10/10 MP: 6/6
   602 | D:1      | Reached XP level 2. HP: 10/15 MP: 0/9
   686 | D:1      | Learned a level 2 spell: Blink
   704 | D:1      | Learned a level 2 spell: Call Imp
  1623 | D:1      | Reached XP level 3. HP: 10/19 MP: 5/13
  1787 | D:1      | Learned a level 3 spell: Conjure Flame
  1791 | D:1      | Learned a level 3 spell: Mephitic Cloud
  2210 | D:2      | Reached skill level 5 in Spellcasting
  2595 | D:2      | Reached XP level 4. HP: 24/24 MP: 14/17
  2599 | D:2      | Learned a level 2 spell: Repel Missiles
  2862 | D:2      | Found a sparkling altar of Nemelex Xobeh.
  3019 | D:3      | Found an iron altar of Okawaru.
  3545 | D:3      | Found a basalt altar of Yredelemnul.
  3872 | D:4      | Noticed Prince Ribbit
  3895 | D:4      | Killed Prince Ribbit
  3895 | D:4      | Reached skill level 6 in Spellcasting
  3895 | D:4      | Reached XP level 5. HP: 7/28 MP: 0/21
  3895 | D:4      | Reached XP level 6. HP: 8/32 MP: 0/22
  4134 | D:5      | Entered Level 5 of the Dungeon
  4188 | D:7      | Reached skill level 7 in Spellcasting
  4273 | D:6      | Noticed a hill giant
  5220 | D:5      | Reached XP level 7. HP: 19/36 MP: 1/25
  5416 | D:5      | Reached skill level 5 in Dodging
  5653 | D:5      | Reached skill level 8 in Spellcasting
  5941 | D:5      | Found a burning altar of Makhleb.
  5963 | D:5      | Reached skill level 1 in Fighting
  6146 | D:6      | Reached skill level 1 in Evocations
  6290 | D:6      | Found a shattered altar of Ashenzari.
  6365 | D:5      | Found Onosapen's Gadget Emporium.
  6704 | D:6      | Found a staircase to the Ecumenical Temple.
  6714 | Temple   | Entered the Ecumenical Temple
  6720 | Temple   | Became a worshipper of Sif Muna the Loreminder
  6876 | D:6      | Killed a hill giant
  6876 | D:6      | Acquired Sif Muna's first power
  6876 | D:6      | Reached skill level 9 in Spellcasting
  6876 | D:6      | Reached skill level 1 in Air Magic
  6876 | D:6      | Reached skill level 1 in Poison Magic
  6876 | D:6      | Reached XP level 8. HP: 44/44 MP: 18/28
  7045 | D:6      | Found an ancient bone altar of Kikubaaqudgha.
  7048 | D:6      | Found Oriekaic's Profane Products.
  7085 | D:6      | Noticed Sigmund
  7093 | D:6      | Killed Sigmund
  7093 | D:6      | Reached skill level 5 in Conjurations
  7637 | D:8      | Noticed a centaur warrior
  7668 | D:8      | Shot with an arrow by a centaur warrior

Action                   |  1- 3 |  4- 6 |  7- 9 || total
-------------------------+-------+-------+-------++-------
Melee: Dagger            |     2 |     3 |    11 ||    16
 Cast: Magic Dart        |   100 |   153 |   124 ||   377
       Call Imp          |     5 |     3 |     4 ||    12
       Conjure Flame     |     1 |     4 |    12 ||    17
       Mephitic Cloud    |       |    12 |    10 ||    22
       Blink             |       |     3 |     7 ||    10
       Repel Missiles    |       |     1 |     1 ||     2
Evoke: Wand              |       |       |     1 ||     1
  Use: Scroll            |     2 |     1 |     8 ||    11
 Stab: Confused          |       |       |     1 ||     1
  Eat: Chunk             |     5 |     7 |     7 ||    19
       Fruit             |       |     1 |       ||     1
